 Dungeon Crawl Stone Soup version 0.30-a0-4-ga7cffc901d (webtiles) character file.

Game seed: 2859120328568232793

156 Setbun the Sneak (level 5, 0/29 HPs)
             Began as a Kobold Enchanter on Aug 20, 2022.
             Slain by a phantom (1 damage)
             ... on level 4 of the Dungeon.
             The game lasted 00:04:32 (4394 turns).

Setbun the Sneak (Kobold Enchanter)                 Turns: 4394, Time: 00:04:33

Health: 0/29       AC:  3    Str:  5    XL:     5   Next: 65%
Magic:  5/9        EV: 15    Int: 22    God:
Gold:   255        SH:  0    Dex: 18    Spells: 6/9 levels left

rFire   . . .      SeeInvis .    a - +1 dagger
rCold   . . .      Faith    .    (no shield)
rNeg    . . .      Spirit   .    b - +0 robe
rPois   .          Reflect  .    (no helmet)
rElec   .          Harm     .    (no cloak)
rCorr   .          Rampage  .    u - +0 pair of gloves
Will    .....                    (no boots)
Stlth   ++++......               (no amulet)
HPRegen 0.09/turn                g - +6 ring of intelligence
MPRegen 0.11/turn                q - ring of wizardry

@: no status effects
A: small, no large weapons, nightstalker 3
a: no special abilities


You were on level 4 of the Dungeon.
You visited 1 branch of the dungeon, and saw 4 of its levels.

You collected 255 gold pieces.

Inventory:

Hand Weapons
 a - a +1 dagger (weapon)
Armour
 b - a +0 robe (worn)
 u - a +0 pair of gloves (worn)
 w - a +0 buckler
Jewellery
 g - a +6 ring of intelligence (left hand)
 o - a ring of fire
 q - a ring of wizardry (right hand)
Scrolls
 d - 9 scrolls of identify {unknown}
 e - a scroll of enchant weapon {unknown}
 i - 3 scrolls of teleportation {unknown}
 j - a scroll of silence {unknown}
 k - 2 scrolls of vulnerability {unknown}
 l - a scroll of butterflies {unknown}
 r - a scroll of fear {unknown}
 s - a scroll of amnesia {unknown}
Potions
 c - 2 potions of invisibility
 f - 2 potions of lignification {unknown}
 h - a potion of brilliance {unknown}
 m - a potion of flight {unknown}
 n - 2 potions of resistance {unknown}
 p - 2 potions of attraction {unknown}
 t - 2 potions of might {unknown}
 v - a potion of magic {unknown}


   Skills:
 + Level 1.6 Fighting
 * Level 3.6 Short Blades
 + Level 3.0 Dodging
 * Level 5.4 Stealth
 + Level 2.7 Spellcasting
 + Level 3.4 Hexes


You had 6 spell levels left.
You knew the following spells:

 Your Spells              Type           Power      Damage    Failure   Level
a - Confusing Touch       Hex            18%        N/A       4%          3

Your spell library contained the following spells:

 Spells                   Type           Power      Damage    Failure   Level
 Ensorcelled Hibernation  Hex/Ice        20%        N/A       4%          2
 Tukima's Dance           Hex            18%        N/A       4%          3
 Dazzling Flash           Conj/Hex       20%        N/A       8%          3
 Fireball                 Conj/Fire      1%         3d3       77%         5
 Starburst                Conj/Fire      1%         6d3       99%         6
 Ignition                 Fire           1%         3d3       100%        8


Dungeon Overview and Level Annotations

Branches:
Dungeon (4/15)
 Temple: D:4-7

Altars:


Innate Abilities, Weirdness & Mutations

You are small and have problems with some larger weapons.
You are completely attuned to the shadows.


Message History

The phantom is heavily damaged.
The phantom hits you.
The phantom blinks!
You blink.
The phantom attacks as you move away! The phantom hits you.
You closely miss the phantom.
The phantom is heavily damaged.
The phantom hits you.
You closely miss the phantom.
The phantom is heavily damaged.
The phantom hits you but does no damage.
You barely miss the phantom.
The phantom is heavily damaged.
You closely miss the phantom.
The phantom is heavily damaged.
The phantom hits you but does no damage.
You hit the phantom.
The phantom is heavily damaged.
The phantom hits you but does no damage.
You hit the phantom.
The phantom is heavily damaged.
The phantom hits you.
* * * LOW HITPOINT WARNING * * *
The phantom blinks!
You blink.
The phantom barely misses you.
You closely miss the phantom.
The phantom is heavily damaged.
The phantom closely misses you.
You hit the phantom.
The phantom is severely damaged.
The phantom completely misses you.
You hit the phantom.
The phantom is severely damaged.
You closely miss the phantom.
The phantom is severely damaged.
The phantom hits you.
* * * LOW HITPOINT WARNING * * *
The phantom blinks!
You blink.
Found a dagger.
You hit the phantom.
The phantom is almost destroyed.
The phantom hits you.
You die...

..................>
######+####......##
#......#. #......'.
#..ยง...#.
#......####
#####.....#
..'.W...# #.@...#
#.....# #.....#
#.)...# #.....#


You could see a phantom.

Vanquished Creatures
  A hound (D:3)
  Terence (D:3)
  2 adders
  2 worms (D:3)
  5 dart slugs
  An orc (D:4)
  9 endoplasms
  9 hobgoblins
  6 kobolds
  4 quokkas
  9 ball pythons
  2 bats (D:1)
  A frilled lizard (D:3)
  2 goblins
  9 rats
63 creatures vanquished.

Notes
Turn   | Place    | Note
-------+----------+-------------------------------------------
     0 | D:1      | Setbun the Kobold Enchanter began the quest for the Orb.
     0 | D:1      | Reached XP level 1. HP: 10/10 MP: 3/3
   107 | D:1      | Reached XP level 2. HP: 15/15 MP: 5/5
   166 | D:1      | Found a faded altar of an unknown god.
  1109 | D:1      | Reached XP level 3. HP: 20/20 MP: 6/6
  2436 | D:2      | Reached skill level 1 in Fighting
  2478 | D:2      | Reached XP level 4. HP: 25/25 MP: 7/7
  3170 | D:3      | Reached skill level 5 in Stealth
  3285 | D:3      | Learned a level 3 spell: Confusing Touch
  3311 | D:3      | Noticed Terence
  3318 | D:3      | Killed Terence
  3545 | D:3      | Reached XP level 5. HP: 29/29 MP: 8/8
  4367 | D:4      | Noticed a phantom
  4393 | D:4      | HP: 1/29 [phantom (6)]
  4394 | D:4      | Slain by a phantom

Illustrated notes

Levels and vault maps discovered:
D:1:      mainiacjoe_arrival_reflecting_pool, layout_loops_corners,
          basic_ecumenical_altar
D:2:      layout_rooms, minmay_misc_feat_doors, kennysheep_potato
D:3:      layout_loops_ring, uniq_terence
D:4:      layout_gridville, lemuel_round_altar,
          minmay_temple_entry_glassed_door, serial_shops,
          nicolae_take_the_stairs, nicolae_shop_fire_sale
          [nicolae_sub_dead_trees], kennysheep_small_square

Skill      XL: |  1  2  3  4  5 |
---------------+----------------+-----
Short Blades   | 2 3 |  3.6
Fighting       | 1 |  1.6
Stealth        | 5 |  5.4
Dodging        | 3 |  3.0
Spellcasting   | |  2.7
Hexes          | |  3.4

Action                   |  1- 3 |  4- 6 || total
-------------------------+-------+-------++-------
Melee: Dagger            |    88 |   112 ||   200
 Cast: Confusing Touch   |       |     2 ||     2
 Stab: Sleeping          |    22 |    15 ||    37
       Confused          |       |     1 ||     1
Armor: Robe              |     5 |     9 ||    14
Dodge: Dodged            |    47 |    38 ||    85

Table legend: (Time is in decaauts)
 A = Elapsed time spent in this place.
 B = Non-inter-level travel time spent in this place.
 C = Inter-level travel time spent in this place.
 D = Time resting spent in this place.
 E = Time spent auto-exploring this place.
 F = Levels seen in this place.
 G = Mean time per level.
                   A        B        C        D        E       F      G
               +--------+--------+--------+--------+--------+-----+--------+
         Total |   4366 |   4226 |    140 |    759 |   2974 |   4 | 1091.5 |
       Dungeon |   4366 |   4226 |    140 |    759 |   2974 |   4 | 1091.5 |
               +--------+--------+--------+--------+--------+-----+--------+

Top non-repeatable levels by time:
     D:1: 1729 daAuts
     D:2: 1260 daAuts
     D:3: 1217 daAuts
     D:4: 159 daAuts
